 Dungeon Crawl Stone Soup version 0.28.0 (webtiles) character file.

Game seed: 14660611992148052978

1743 Renzlar the Shield-Bearer (level 9, -8/73 HPs)
             Began as a Gnoll Fighter on Feb 16, 2022.
             Was a Believer of Okawaru.
             Mangled by a troll (11 damage)
             ... on level 6 of the Dungeon.
             The game lasted 00:22:10 (7070 turns).

Renzlar the Shield-Bearer (Gnoll Fighter)           Turns: 7070, Time: 00:22:11

Health: -8/73      AC: 17    Str: 19    XL:     9   Next: 5%
Magic:  0/14       EV:  8    Int:  8    God:    Okawaru [**....]
Gold:   212        SH:  6    Dex: 12    Spells: 15/15 levels left

rFire   . . .      SeeInvis .   a - +0 war axe
rCold   . . .      Faith    .   c - +0 buckler
rNeg    . . .      Spirit   +   e - +1 chain mail
rPois   .          Reflect  .   (no helmet)
rElec   .          Harm     .   (no cloak)
rCorr   .          Rampage  .   (no gloves)
Will    +....                   j - +0 pair of boots
Stlth   ..........              t - amulet of guardian spirit
HPRegen 0.22/turn               m - ring of willpower
MPRegen 0.14/turn               s - +4 ring of protection

@: no status effects
A: fangs 1, strong nose, distributed training
a: Renounce Religion, Heroism


You were on level 6 of the Dungeon.
You worshipped Okawaru.
Okawaru was pleased with you.
You visited 2 branches of the dungeon, and saw 7 of its levels.

You collected 212 gold pieces.

Inventory:

Hand Weapons
 a - a +0 war axe (weapon)
 f - a +3 whip
Missiles
 g - 82 stones
 h - 108 sling bullets
 k - 7 poisoned darts
 l - 2 silver boomerangs
 v - 15 bolts
 y - 5 boomerangs (quivered)
Armour
 b - a +0 scale mail
 c - a +0 buckler (worn)
 e - a +1 chain mail (worn)
 j - a +0 pair of boots (worn)
Jewellery
 m - a ring of willpower (left hand)
 s - a +4 ring of protection (right hand)
 t - an amulet of guardian spirit (around neck)
Scrolls
 d - 2 scrolls of amnesia
 p - a scroll of silence
 r - a scroll of teleportation
 x - a scroll of blinking {unknown}
 z - a scroll of enchant armour
 A - a scroll of fog
Potions
 i - a potion of resistance
 n - a potion of curing
 u - a potion of mutation
 w - a potion of haste {unknown}
 B - a potion of degeneration {unknown}
 C - a potion of flight {unknown}


   Skills:
 + Level 7.6 Fighting
 + Level 3.8 Short Blades
 + Level 3.8 Long Blades
 + Level 6.0 Axes
 + Level 3.8 Maces & Flails
 + Level 3.8 Polearms
 + Level 3.8 Staves
 + Level 3.8 Slings
 + Level 3.8 Bows
 + Level 3.8 Crossbows
 + Level 3.8 Throwing
 + Level 7.6 Armour
 + Level 3.8 Dodging
 + Level 3.8 Stealth
 + Level 7.6 Shields
 + Level 3.8 Unarmed Combat
 + Level 3.8 Spellcasting
 + Level 3.1 Conjurations
 + Level 3.1 Hexes
 + Level 3.1 Summonings
 + Level 3.1 Necromancy
 + Level 3.1 Translocations
 + Level 3.1 Transmutations
 + Level 3.1 Fire Magic
 + Level 3.1 Ice Magic
 + Level 3.1 Air Magic
 + Level 3.1 Earth Magic
 + Level 3.1 Poison Magic
 + Level 4.2 Invocations
 + Level 3.8 Evocations


You had 15 spell levels left.
You didn't know any spells.
Your spell library contained the following spells:

 Spells                   Type           Power      Damage    Failure   Level
 Apportation              Tloc           12%        N/A       67%         1
 Sublimation of Blood     Necr           6%         N/A       80%         2
 Wereblood                Tmut           6%         N/A       80%         2
 Stone Arrow              Conj/Erth      12%        3d7       95%         3
 Hailstorm                Conj/Ice       6%         3d4       100%        4
 Ice Form                 Ice/Tmut       6%         N/A       100%        4
 Alistair's Intoxication  Tmut/Pois      4%         N/A       100%        5
 Borgnjor's Vile Clutch   Necr/Erth      3%         N/A       100%        5
 Eringya's Noxious Bog    Tmut/Pois      3%         N/A       100%        6
 Lehudib's Crystal Spear  Conj/Erth      3%         10d2      100%        8
 Animate Skeleton         Necr           Unusable   N/A       N/A         1
 Summon Small Mammal      Summ           Unusable   N/A       N/A         1
 Animate Armour           Summ/Erth      Unusable   N/A       N/A         4
 Simulacrum               Ice/Necr       Unusable   N/A       N/A         6
 Summon Hydra             Summ           Unusable   N/A       N/A         7

Dungeon Overview and Level Annotations

Branches:
Dungeon (6/15)             Temple (1/1) D:4

Altars:
Ashenzari
Cheibriados
Dithmenos
Elyvilon
Fedhas
Gozag
Hepliaklqana
Kikubaaqudgha
Makhleb
Nemelex Xobeh
Okawaru
Qazlal
Ru
Sif Muna
Trog
Vehumet
Wu Jian
Xom
Yredelemnul
Zin
The Shining One

Shops:
D:1 [   D:4 *   D:5 ?

Annotations:
D:5 4 transporters, Dvallin's ghost, weakling KoDe
D:6 Eustachio


Innate Abilities, Weirdness & Mutations

You have very sharp teeth.
Your uncanny sense of smell can sniff out nearby items.
Your experience applies equally to all skills.


Message History

You barely miss the crimson imp. You hit the iron imp.
You kill the iron imp!
The iron imp disappears in a puff of smoke!
You feel like a meek peon again. The crimson imp barely misses you.
The troll barely misses you. The troll claws you! The troll closely misses you.
You hit the troll but do no damage.
The troll is severely wounded.
You closely miss the crimson imp. The crimson imp barely misses you.
You block the troll's attack.
The troll claws you but does no damage. x2
You block the crimson imp's attack.
Unknown command.
You closely miss the troll. You bite the troll, but do no damage.
The troll is severely wounded.
You closely miss the crimson imp.
Eustachio gestures wildly while chanting.
Eustachio blinks!
You block the troll's attack. The troll claws you.
* * * LOW HITPOINT WARNING * * *
The troll barely misses you. The crimson imp barely misses you.
You closely miss the troll.
The troll is severely wounded.
You miss the crimson imp.
Eustachio gestures wildly while chanting.
Eustachio blinks!
The troll bites you!
* * * LOW HITPOINT WARNING * * *
The troll claws you but does no damage. The troll closely misses you.
The crimson imp summons a swarm of flies.
The crimson imp hits you. Eustachio hits you with a +0 falchion.
* * * LOW HITPOINT WARNING * * *
Unknown command.
You hit Eustachio but do no damage.
Eustachio is moderately wounded.
You barely miss the crimson imp. You hit the troll.
You block the troll's attack. The troll claws you.
* * * LOW HITPOINT WARNING * * *
The troll claws you.
* * * LOW HITPOINT WARNING * * *
The crimson imp hits you but does no damage.
You block Eustachio's attack. The troll bites you!
You die...

#....#....#.........#....
#....#....#.........')...
#....'....#.........#...†
####'#######...).....###..
#..............#########..
#..............#.......#..
#..........§..§'.......#..
#........@.....#.......#..
#........@5....#.......#..
######'##T.....#.......#..
......'......#.......#..
....?.#......#.##+######
#......########.# #.......
.# #....... #.......T ....


You could see Eustachio, a troll and a crimson imp (summoned).

Vanquished Creatures
  4 vampire mosquitoes (D:6)
  An orc warrior (D:6)
  An ice beast (D:5)
  A black bear (D:6)
  A necrophage (D:6)
  A centaur (D:4)
  A phantom (D:6)
  A wyvern zombie (D:6)
  A scorpion (D:4)
  A hound (D:6)
  2 orc priests
  2 jellies (D:5)
  A centaur skeleton (D:6)
  An iguana (D:5)
  Jessica (D:3)
  Natasha (thrice) (D:2)
  2 bullfrog skeletons (D:6)
  2 orc wizards
  A killer bee zombie (D:5)
  A howler monkey skeleton (D:6)
  3 adders
  A white imp (D:6)
  An adder zombie (D:5)
  2 dart slugs
  20 orcs
  9 ball pythons
  4 bats
  12 endoplasms
  2 giant cockroaches
  4 goblins
  8 hobgoblins
  10 jackals
  4 quokkas
  5 frilled lizards
  7 kobolds
  11 rats
132 creatures vanquished.

Vanquished Creatures (others)
  6 plants (D:5)
6 creatures vanquished.

Grand Total: 138 creatures vanquished

Notes
Turn   | Place    | Note
-------+----------+-------------------------------------------
     0 | D:1      | Renzlar the Gnoll Fighter began the quest for the Orb.
     0 | D:1      | Reached XP level 1. HP: 23/23 MP: 1/1
   240 | D:1      | Reached XP level 2. HP: 29/29 MP: 2/2
   300 | D:1      | You fall into a shaft and drop 1 floor!
   463 | D:2      | Reached XP level 3. HP: 33/35 MP: 3/3
   677 | D:1      | Found a faded altar of an unknown god.
   683 | D:1      | Reached skill level 1 in Invocations
   860 | D:1      | Reached skill level 1 in Short Blades
   860 | D:1      | Reached skill level 1 in Long Blades
   860 | D:1      | Reached skill level 1 in Maces & Flails
   860 | D:1      | Reached skill level 1 in Polearms
   860 | D:1      | Reached skill level 1 in Staves
   860 | D:1      | Reached skill level 1 in Slings
   860 | D:1      | Reached skill level 1 in Bows
   860 | D:1      | Reached skill level 1 in Crossbows
   860 | D:1      | Reached skill level 1 in Throwing
   860 | D:1      | Reached skill level 1 in Dodging
   860 | D:1      | Reached skill level 1 in Stealth
   860 | D:1      | Reached skill level 1 in Unarmed Combat
   860 | D:1      | Reached skill level 1 in Spellcasting
   860 | D:1      | Reached skill level 1 in Evocations
   908 | D:1      | Reached XP level 4. HP: 41/41 MP: 5/5
   976 | D:1      | Found Duboiruo's Armour Shoppe.
  1154 | D:2      | Noticed Natasha
  1165 | D:2      | Killed Natasha
  1166 | D:2      | Reached skill level 1 in Conjurations
  1166 | D:2      | Reached skill level 1 in Hexes
  1166 | D:2      | Reached skill level 1 in Summonings
  1166 | D:2      | Reached skill level 1 in Necromancy
  1166 | D:2      | Reached skill level 1 in Translocations
  1166 | D:2      | Reached skill level 1 in Transmutations
  1166 | D:2      | Reached skill level 1 in Fire Magic
  1166 | D:2      | Reached skill level 1 in Ice Magic
  1166 | D:2      | Reached skill level 1 in Air Magic
  1166 | D:2      | Reached skill level 1 in Earth Magic
  1166 | D:2      | Reached skill level 1 in Poison Magic
  1407 | D:2      | Noticed Natasha
  1424 | D:2      | Killed Natasha
  1425 | D:2      | Reached XP level 5. HP: 19/47 MP: 5/7
  1686 | D:2      | Noticed Natasha
  1697 | D:2      | Killed Natasha
  2473 | D:3      | Noticed Jessica
  2493 | D:3      | Killed Jessica
  3189 | D:3      | Found a shimmering blue altar of Sif Muna.
  3316 | D:4      | Found a shimmering altar of Xom.
  3375 | D:4      | Reached XP level 6. HP: 50/53 MP: 8/8
  3523 | D:4      | Found Xumuri's General Store.
  3565 | D:4      | Found a staircase to the Ecumenical Temple.
  3576 | D:4      | Reached skill level 5 in Axes
  3581 | Temple   | Entered the Ecumenical Temple
  3784 | Temple   | Became a worshipper of Warmaster Okawaru
  4426 | D:5      | Entered Level 5 of the Dungeon
  4426 | D:5      | Found Fiusupaso's Magic Scroll Shop.
  4439 | D:5      | Found a transporter.
  4439 | D:5      | Found a transporter.
  4442 | D:5      | Noticed a wyvern
  4442 | D:5      | Noticed a two-headed ogre
  4448 | D:5      | Found a blossoming altar of Fedhas.
  4466 | D:5      | Reached XP level 7. HP: 11/59 MP: 2/10
  4823 | D:5      | Found a transporter.
  4823 | D:5      | Identified the +5 spear "Goblinbane" {venom, Drain rF++
                  | Int+5}
  4835 | D:5      | Noticed Dvallin's ghost (weakling KoDe)
  4930 | D:5      | Found a snail-covered altar of Cheibriados.
  4972 | D:5      | Found a transporter.
  5492 | D:6      | Reached * piety under Okawaru
  5623 | D:6      | Reached XP level 8. HP: 52/67 MP: 7/12
  6190 | D:6      | Found a stormy altar of Qazlal.
  6588 | D:6      | Reached ** piety under Okawaru
  6612 | D:6      | Reached XP level 9. HP: 35/72 MP: 3/14
  7036 | D:6      | Noticed Eustachio
  7036 | D:6      | Noticed a troll
  7070 | D:6      | HP: 3/73 [troll (2)]
  7070 | D:6      | Mangled by a troll

Illustrated notes

Levels and vault maps discovered:
D:1:      heliophobic_arrival_henge, layout_rooms,
          hellmonk_ecumenical_altar_arch_garden, serial_shops,
          nicolae_shop_statue_plus
D:2:      layout_loops_ring, serial_glass, glass_columns_a, glass_columns_b,
          glass_columns_b, glass_columns_b, glass_columns_a, glass_columns_a,
          glass_columns_c, glass_columns_b, glass_columns_a, glass_columns_a,
          glass_columns_a, glass_columns_a, glass_columns_a, glass_columns_c,
          uniq_natasha
D:3:      layout_basic, lemuel_blue_sif_altar, minmay_increasing_density,
          uniq_jessica
D:4:      minmay_angry_zag, layout_loops_corners,
          mainiacjoe_overflow_cross_hatched, minmay_temple_entry_grid,
          serial_shops, nicolae_shop_trees
D:5:      layout_loops_corners, mainiacjoe_overflow_catwalk,
          gammafunk_temple_overflow_arena, gammafunk_ghost_gnarly_gnolls,
          serial_shops, nicolae_shop_hallway_stairs
D:6:      layout_gridville, lemuel_doored_altar, dk_vineyard_1, uniq_eustachio
Temple:   regret_index_temple_sphere_string

Skill      XL: |  1  2  3  4  5  6  7  8 |
---------------+-------------------------+-----
Invocations    | 1 2 3 4 |  4.2
Short Blades   | 1 2 3 |  3.8
Long Blades    | 1 2 3 |  3.8
Maces & Flails | 1 2 3 |  3.8
Polearms       | 1 2 3 |  3.8
Staves         | 1 2 3 |  3.8
Slings         | 1 2 3 |  3.8
Bows           | 1 2 3 |  3.8
Crossbows      | 1 2 3 |  3.8
Throwing       | 1 2 3 |  3.8
Dodging        | 1 2 3 |  3.8
Stealth        | 1 2 3 |  3.8
Unarmed Combat | 1 2 3 |  3.8
Spellcasting   | 1 2 3 |  3.8
Evocations     | 1 2 3 |  3.8
Conjurations   | 1 2 3 |  3.1
Hexes          | 1 2 3 |  3.1
Summonings     | 1 2 3 |  3.1
Necromancy     | 1 2 3 |  3.1
Translocations | 1 2 3 |  3.1
Transmutations | 1 2 3 |  3.1
Fire Magic     | 1 2 3 |  3.1
Ice Magic      | 1 2 3 |  3.1
Air Magic      | 1 2 3 |  3.1
Earth Magic    | 1 2 3 |  3.1
Poison Magic   | 1 2 3 |  3.1
Axes           | 5 6 |  6.0
Fighting       | 7 |  7.6
Armour         | 7 |  7.6
Shields        | 7 |  7.6

Action                   |  1- 3 |  4- 6 |  7- 9 || total
-------------------------+-------+-------+-------++-------
Melee: War axe           |   103 |   191 |   179 ||   473
       Bite              |    12 |    18 |    15 ||    45
Throw: Boomerang         |       |     7 |    20 ||    27
       Dart              |       |     2 |       ||     2
Invok: Heroism           |       |       |     2 ||     2
  Use: Scroll            |       |     9 |     7 ||    16
       Potion            |       |     1 |     2 ||     3
Armor: Scale mail        |     4 |       |       ||     4
       Chain mail        |    59 |   143 |   124 ||   326
       Skin              |       |       |    22 ||    22
Dodge: Dodged            |    29 |    57 |    76 ||   162
Block: Buckler           |    27 |    71 |    66 ||   164
